 Dungeon Crawl Stone Soup version 0.28-a0-1032-ga8db75c868 (webtiles) character file.

Game seed: 5215888781987866954

7731 Jannitor the Protected (level 11, 0/86 HPs)
             Began as a Demonspawn Cinder Acolyte on Dec 6, 2021.
             Was an Initiate of Ignis.
             Succumbed to a black mamba's poison
             ... on level 1 of the Lair of Beasts on Dec 7, 2021.
             The game lasted 00:25:04 (15349 turns).

Jannitor the Protected (Demonspawn Cinder Acolyte) Turns: 15349, Time: 00:25:05

Health: 0/86       AC: 15    Str: 18    XL:     11   Next: 0%
Magic:  20/20      EV:  3    Int: 17    God:    Ignis [......]
Gold:   1674       SH: 10    Dex:  8    Spells: 20/22 levels left

rFire   + . .      SeeInvis .   l - +1 demon whip (elec)
rCold   . . .      Faith    .   v - +0 tower shield
rNeg    . . .      Spirit   .   w - +0 chain mail {Will+}
rPois   .          Reflect  .   h - +0 helmet
rElec   .          Harm     .   (cloak unavailable)
rCorr   .          Rampage  .   c - +0 pair of gloves
Will    +....                   k - +0 pair of boots
Stlth   ..........              (no amulet)
HPRegen 0.24/turn               (no ring)
MPRegen 0.17/turn               (no ring)

@: mighty, lethally poisoned (0 -> -9), on berserk cooldown, slowed, very slow
A: foul stench 2, powered by pain 1, augmentation 1, weakness stinger 3
a: Renounce Religion, Rising Flame


You were on level 1 of the Lair of Beasts.
You worshipped Ignis.
Ignis was noncommittal.
You visited 3 branches of the dungeon, and saw 13 of its levels.

You collected 1770 gold pieces.
You spent 96 gold pieces at shops.

Inventory:

Hand Weapons
 l - a +1 demon whip of electrocution (weapon)
Missiles
 p - 65 poisoned darts (quivered)
 s - a curare-tipped dart
Armour
 c - a +0 pair of gloves (worn)
 e - a +1 leather armour of willpower
 h - a +0 helmet (worn)
 k - a +0 pair of boots (worn)
 v - a +0 tower shield (worn)
 w - a +0 chain mail of willpower (worn)
Jewellery
 i - a ring of fire
Wands
 q - a wand of polymorph (1)
Scrolls
 a - 2 scrolls of blinking
 j - a scroll of identify
Potions
 m - 2 potions of brilliance
 o - a potion of resistance
 r - 3 potions of mutation
 t - a potion of haste {unknown}
 u - a potion of cancellation {unknown}


   Skills:
 + Level 7.8 Fighting
 - Level 1.7(4.6) Axes
 + Level 6.7(6.9) Maces & Flails
 * Level 8.3 Armour
 * Level 2.5 Shields
 - Level 6.2 Spellcasting
 - Level 6.9 Fire Magic


You had 20 spell levels left.
You knew the following spells:

 Your Spells              Type           Power      Damage    Failure   Level
a - Scorch                Fire           56%        2d8       89%         2

Your spell library contained the following spells:

 Spells                   Type           Power      Damage    Failure   Level
 Sandblast                Erth           10%        2d5       100%        1
 Passwall                 Tmut/Erth      4%         N/A       100%        2
 Ignite Poison            Fire/Tmut/Pois 13%        N/A       100%        3
 Mephitic Cloud           Conj/Pois/Air  5%         N/A       100%        3
 Stone Arrow              Conj/Erth      10%        3d7       100%        3
 Blade Hands              Tmut           2%         N/A       100%        5
 Fireball                 Conj/Fire      8%         3d6       100%        5
 Freezing Cloud           Conj/Ice/Air   2%         6-21      100%        5
 Irradiate                Conj/Tmut      2%         3d14      100%        5
 Dispersal                Tloc           2%         N/A       100%        6
 Starburst                Conj/Fire      8%         6d4       100%        6
 Dragon Form              Tmut           2%         N/A       100%        7
 Disjunction              Tloc           2%         N/A       100%        8
 Ignition                 Fire           14%        3d6       100%        8


Dungeon Overview and Level Annotations

Branches:
Dungeon (11/15)            Temple (1/1) D:5            Lair (1/6) D:10
    Orc (0/2) D:10

Altars:
Ashenzari
Cheibriados
Dithmenos
Elyvilon
Fedhas
Gozag
Hepliaklqana
Kikubaaqudgha
Makhleb
Nemelex Xobeh
Okawaru
Qazlal
Ru
Sif Muna
Trog
Uskayaw
Vehumet
Wu Jian
Xom
Yredelemnul
Zin
The Shining One

Shops:
D:4 !

Annotations:
D:7 exclusions: plant and 1 more exclusion


Innate Abilities, Weirdness & Mutations

You sometimes emit foul miasma when damaged in melee.
You sometimes gain a little power by taking damage.
Your magical and physical power is slightly enhanced at high health.
You have a sharp stinger which inflicts weakening toxins.


Message History

The black mamba is almost dead.
The black mamba bites you but does no damage. x2
You miss the black mamba.
The black mamba is almost dead.
The black mamba bites you!
* * * LOW HITPOINT WARNING * * *
You focus on the pain.
You feel mightier all of a sudden.
You are lethally poisoned!
The black mamba poisons you! You block the black mamba's attack.
A red film seems to cover your vision as you go berserk!
You feel yourself moving faster!
You feel mighty!
* * * LOW HITPOINT WARNING * * *
You feel very sick.
The black mamba bites you but does no damage.
You block the black mamba's attack.
You whack the black mamba!
You kill the black mamba!
* * * LOW HITPOINT WARNING * * *
You feel very sick.
You have reached level 11!
You are too berserk!
Unknown command.
* * * LOW HITPOINT WARNING * * *
You feel sick.
You feel a strong urge to attack something.
* * * LOW HITPOINT WARNING * * *
You feel sick.
* * * LOW HITPOINT WARNING * * *
You feel sick.
Unknown command.
You are too berserk!
Unknown command.
You are too berserk!
Unknown command.
Unknown command.
You feel your anger nearly subside.
You are no longer berserk.
You are exhausted.
You feel yourself slow down.
You die...

P..#.≈♣♣≈..≈≈ #≈.#
#....≈♣ ≈.S§≈###≈.#
#....≈♣ ≈.§§§≈#≈§.#
P..#.≈≈≈≈..≈≈§≈≈§.#
#..#......§..§....#
#..##PPP.######.###
.......P.# #..#
..P≈P≈P≈P.# ##.##
#.P≈♣♣≈≈≈≈P #@.#
#P≈≈♣ ♣♣♣≈. #.##
.P≈♣♣ ≈P......#
.P≈≈ PP......#
##≈≈≈ ≈P....### #
.≈≈≈ ≈..### # .. #


There were no monsters in sight!

Vanquished Creatures
  2 centaur zombies (D:10)
  A black mamba (Lair:1)
  2 wyverns
  11 yaks
  A wraith (D:6)
  A fire bat (Lair:1)
  Grum (D:8)
  Menkaure (D:6)
  An acid dragon (D:9)
  Edmund (D:6)
  2 water moccasins
  Duvessa (D:5)
  A sky beast (D:7)
  4 orc warriors
  A necrophage (D:3)
  4 centaurs
  An ogre (D:4)
  7 wolves
  4 kobold brigands
  Blork the orc (D:5)
  2 bullfrogs
  A gnoll sergeant (D:7)
  4 scorpions
  2 water moccasin skeletons
  Dowan (D:5)
  7 killer bees
  4 howler monkeys
  A bullfrog zombie (D:6)
  2 hounds (D:5)
  Crazy Yiuf (D:5)
  3 jellies
  2 orc priests
  A bullfrog skeleton (D:5)
  2 iguanas (D:6)
  Natasha (thrice) (D:3)
  7 orc wizards (D:9)
  3 howler monkey zombies
  13 gnolls
  7 adders
  A shadow imp (D:6)
  2 white imps (D:4)
  3 ufetubi
  4 worms
  15 orcs
  6 bats
  8 endoplasms
  3 giant cockroaches
  4 goblins
  3 hobgoblins
  5 quokkas
  5 ball pythons
  A frilled lizard (D:1)
  19 kobolds
  7 rats
200 creatures vanquished.

Vanquished Creatures (others)
  53 foxfires
  4 plants
57 creatures vanquished.

Grand Total: 257 creatures vanquished

Notes
Turn   | Place    | Note
-------+----------+-------------------------------------------
     0 | D:1      | Jannitor the Demonspawn Cinder Acolyte began the quest for
                  | the Orb.
     0 | D:1      | Reached XP level 1. HP: 18/18 MP: 2/2
   272 | D:1      | Gained mutation: You may rarely emit foul miasma when
                  | damaged in melee. [demonic ancestry]
   272 | D:1      | Reached XP level 2. HP: 15/24 MP: 3/3
  1335 | D:1      | Found a faded altar of an unknown god.
  1497 | D:2      | Learned a level 2 spell: Scorch
  1564 | D:2      | Gained mutation: You have a small tail. [demonic ancestry]
  1564 | D:2      | Reached XP level 3. HP: 24/25 MP: 5/5
  2353 | D:3      | Found a shimmering altar of Xom.
  2353 | D:3      | Found a bloodstained altar of Trog.
  2353 | D:3      | Found an ancient bone altar of Kikubaaqudgha.
  2519 | D:3      | Found a shimmering blue altar of Sif Muna.
  2538 | D:3      | Noticed a necrophage
  2564 | D:3      | Killed a necrophage
  2565 | D:3      | Reached skill level 1 in Axes
  2565 | D:3      | Reached skill level 1 in Armour
  2565 | D:3      | Reached XP level 4. HP: 23/37 MP: 3/7
  2565 | D:3      | Gained mutation: You sometimes gain a little power by
                  | taking damage. [demonic ancestry]
  2565 | D:3      | Reached XP level 5. HP: 26/42 MP: 3/8
  3032 | D:3      | Noticed Natasha
  3035 | D:3      | Killed Natasha
  3064 | D:3      | Noticed Natasha
  3069 | D:3      | Killed Natasha
  3124 | D:3      | Noticed Natasha
  3135 | D:3      | Killed Natasha
  3677 | D:3      | Gained mutation: You have a tail ending in a sharp stinger.
                  | [demonic ancestry]
  3677 | D:3      | Reached XP level 6. HP: 48/48 MP: 9/9
  4299 | D:4      | Reached skill level 2 in Armour
  4713 | D:4      | Found Esehutauch's Distillery.
  4722 | D:4      | Bought a potion of mutation for 96 gold pieces
  4832 | D:4      | Gained mutation: You sometimes emit foul miasma when
                  | damaged in melee. [demonic ancestry]
  4832 | D:4      | Reached XP level 7. HP: 46/55 MP: 2/11
  5075 | D:5      | Entered Level 5 of the Dungeon
  5093 | D:5      | Noticed Dowan
  5100 | D:5      | Killed Dowan
  5100 | D:5      | Noticed Duvessa
  5110 | D:5      | Killed Duvessa
  5160 | D:5      | Noticed Blork the orc
  5169 | D:5      | Killed Blork the orc
  5184 | D:5      | Reached skill level 5 in Fighting
  5184 | D:5      | Reached skill level 3 in Armour
  5427 | D:5      | Found a staircase to the Ecumenical Temple.
  5798 | D:6      | Gained mutation: You have a sharp stinger which inflicts
                  | weakening toxins. [demonic ancestry]
  5798 | D:6      | Reached XP level 8. HP: 60/62 MP: 13/13
  6540 | D:6      | Found a hide-covered altar of Uskayaw.
  6583 | D:6      | Noticed Edmund
  6596 | D:6      | Killed Edmund
  6597 | D:6      | Reached skill level 5 in Fire Magic
  6656 | D:6      | Reached skill level 4 in Armour
  6689 | D:6      | Noticed Menkaure
  6860 | D:6      | Killed Menkaure
  7355 | D:6      | Identified a scroll of acquirement
  7355 | D:6      | Acquired 1354 gold pieces
  8350 | Temple   | Entered the Ecumenical Temple
  8457 | D:5      | Found a runed translucent door.
  8458 | D:5      | Noticed Crazy Yiuf
  8537 | D:5      | Killed Crazy Yiuf
  8839 | D:7      | Reached XP level 9. HP: 69/69 MP: 7/16
  8845 | D:6      | Reached skill level 5 in Armour
  8982 | D:7      | Reached skill level 5 in Maces & Flails
  9411 | D:7      | Reached skill level 5 in Spellcasting
 11096 | D:8      | Reached skill level 6 in Armour
 11412 | D:8      | Identified the +1 dagger of Tenacity {vorpal, rC+}
 11416 | D:8      | Noticed Grum
 11723 | D:8      | Killed Grum
 12120 | D:9      | Found an ornate altar of the Wu Jian Council.
 12696 | D:9      | Gained mutation: Your magical and physical power is
                  | slightly enhanced at high health. [demonic ancestry]
 12696 | D:9      | Reached XP level 10. HP: 61/77 MP: 18/18
 12955 | D:9      | Reached skill level 7 in Armour
 13698 | D:9      | Found a snail-covered altar of Cheibriados.
 13843 | D:10     | Entered Level 10 of the Dungeon
 13913 | D:10     | Noticed a white ugly thing
 14296 | D:10     | Noticed a two-headed ogre
 14298 | D:10     | Noticed a fire dragon
 14683 | D:11     | Noticed a cyclops
 14683 | D:11     | Noticed a deep elf pyromancer
 14716 | D:10     | Reached skill level 1 in Shields
 14771 | D:10     | Found a staircase to the Orcish Mines.
 14794 | D:10     | Reached skill level 8 in Armour
 14794 | D:10     | Upgraded the game from 0.28-a0-998-gb9e9c7b67e to
                  | 0.28-a0-1032-ga8db75c868
 14828 | D:10     | Found a staircase to the Lair.
 14849 | D:10     | Noticed a cyclops
 15105 | Lair:1   | Entered Level 1 of the Lair of Beasts
 15313 | Lair:1   | Noticed a black mamba
 15345 | Lair:1   | Killed a black mamba
 15345 | Lair:1   | HP: 6/120 [poisoned by a black mamba]
 15346 | Lair:1   | Reached XP level 11. HP: 6/86 MP: 20/20
 15347 | Lair:1   | HP: 2/129 [poisoned by a black mamba]
 15349 | Lair:1   | Succumbed to a black mamba's poison

Illustrated notes

Levels and vault maps discovered:
D:1:      co_arrival_random_square_maze, layout_rooms,
          shapermc_ecumenical_altar_starsandcircs, minmay_tromino_v4_c
D:2:      layout_loops_ring
D:3:      minmay_door_path, layout_loops_ring, mainiacjoe_overflow_chevrons,
          chequers_temple_overflow_statue_of_worship, kennysheep_generic_room_7,
          uniq_natasha
D:4:      layout_basic, serial_shops, shop, hex_tiny
D:5:      layout_basic, minmay_temple_entry_ruins, uniq_blork_the_orc,
          uniq_duvessa, uniq_crazy_yiuf_cottage
D:6:      layout_basic, mainiacjoe_overflow_concentric_impassable, minivault_24,
          minmay_misc_feat_room, uniq_menkaure, uniq_edmund
D:7:      layout_rooms, serial_co_window_serial, co_window_corner_a,
          co_window_corner_a, co_window_corner_a, co_window_corner_a,
          co_window_paths_a, co_window_cross_2, co_window_unsneaky_path_a,
          co_window_of_opportunity_c, co_window_broadway_b, co_window_2corner,
          co_window_corner_cb, glass_columns_c, glass_columns_a,
          glass_columns_b, serial_bayou_ford_a
D:8:      layout_loops_ring, uniq_grum
D:9:      layout_long_grid, mainiacjoe_overflow_alcove_2,
          mainiacjoe_overflow_surrounded_room, lemuel_crystal_altar,
          hangedman_abyss_or_decor_stabs
D:10:     hangedman_cross_cluster, layout_cave_pods, lair_entry_dummy,
          lightli_fourway_metalbox
D:11:     lemuel_reptile_caves, layout_grid_maze, kb_rosetta
Temple:   cyrus_circular_temple
Lair:1:   lemuel_slime, layout_gridlike, serial_bayou, serial_bayou_pond_e,
          serial_bayou_pond_e, serial_bayou_pond_c, serial_bayou_crossing,
          ldierk_geyser

Skill      XL: |  1  2  3  4  5  6  7  8  9 10 |
---------------+-------------------------------+-----
Maces & Flails | 3 4 5 6 |  6.7
Fire Magic     | 3 4 5 6 |  6.9
Axes           | 1 |  1.7
Armour         | 1 2 3 4 6 8 |  8.3
Spellcasting   | 2 3 4 5 6 |  6.2
Fighting       | 4 5 6 7 |  7.8
Shields        | 2 |  2.5

Action                   |  1- 3 |  4- 6 |  7- 9 | 10-12 || total
-------------------------+-------+-------+-------+-------++-------
Melee: Mace              |    64 |       |       |       ||    64
       Hand axe          |    33 |    41 |       |       ||    74
       Tailslap          |     2 |     6 |    26 |    26 ||    60
       Whip              |       |    18 |    91 |       ||   109
       Flail             |       |       |    23 |       ||    23
       Demon whip        |       |       |    91 |   161 ||   252
Throw: Dart              |       |       |     4 |       ||     4
 Cast: Scorch            |     4 |    25 |    82 |    17 ||   128
Invok: Fiery Armour      |     3 |       |     2 |       ||     5
       Foxfire Swarm     |     3 |     1 |     2 |       ||     6
  Use: Potion            |       |       |     4 |     3 ||     7
       Scroll            |       |       |    17 |     4 ||    21
Armor: Robe              |    37 |    10 |    23 |       ||    70
       Chain mail        |       |       |    33 |    82 ||   115
       Skin              |       |       |     2 |       ||     2
       Leather armour    |       |       |    36 |    39 ||    75
Dodge: Dodged            |    78 |    39 |   139 |    59 ||   315
Block: Tower shield      |       |       |       |    42 ||    42

Table legend: (Time is in decaauts)
 A = Elapsed time spent in this place.
 B = Non-inter-level travel time spent in this place.
 C = Inter-level travel time spent in this place.
 D = Time resting spent in this place.
 E = Time spent auto-exploring this place.
 F = Levels seen in this place.
 G = Mean time per level.
                   A        B        C        D        E       F      G
               +--------+--------+--------+--------+--------+-----+--------+
         Total |  15394 |  14854 |    540 |   5329 |   7216 |  13 | 1184.2 |
       Dungeon |  15088 |  14559 |    529 |   5193 |   7128 |  11 | 1371.6 |
        Temple |     56 |     45 |     11 |      0 |     39 |   1 |   56.0 |
          Lair |    249 |    249 |      0 |    136 |     49 |   1 |  249.0 |
               +--------+--------+--------+--------+--------+-----+--------+

Top non-repeatable levels by time:
     D:6: 2175 daAuts
     D:9: 2064 daAuts
     D:7: 1936 daAuts
     D:3: 1592 daAuts
     D:8: 1582 daAuts
     D:5: 1531 daAuts
     D:1: 1469 daAuts
     D:4: 1137 daAuts
     D:2: 904 daAuts
    D:10: 477 daAuts
  Lair:1: 249 daAuts
    D:11: 215 daAuts
  Temple: 56 daAuts
